 Dungeon Crawl Stone Soup version 0.27-a0-1006-g1fd4cec11e (webtiles) character file.

Game seed: 5059114458493354876

0 spiderkeys the Skirmisher (level 1, -11/18 HPs)
             Began as a Demonspawn Abyssal Knight on Apr 17, 2021.
             Was a Follower of Lugonu.
             Mangled by a shadow wraith (21 damage)
             ... on level 1 of the Abyss.
             The game lasted 00:00:35 (135 turns).

spiderkeys the Skirmisher (DsAK)                     Turns: 135, Time: 00:00:35

Health: -11/18     AC:  1    Str: 12    XL:     1   Next: 0%
Magic:  2/2        EV: 11    Int: 13    God:    Lugonu [*.....]
Gold:   18         SH:  0    Dex: 12    Spells: 0/0 levels left

rFire    . . .     SeeInvis .   a - +1 spear
rCold    . . .     Faith    .   (no shield)
rNeg     . . .     Spirit   .   b - +0 leather armour
rPois    .         Reflect  .   (no helmet)
rElec    .         Harm     .   (no cloak)
rCorr    .         Rampage  .   (no gloves)
Will     +....     Rnd*Rage +   (no boots)
Stlth    +.........             (no amulet)
HPRegen  0.06/turn              c - ring of willpower
MPRegen  0.08/turn              (no ring)

@: no status effects
A: berserk 1, deformed body, deterioration 1
a: Renounce Religion, Depart the Abyss


You were on level 1 of the Abyss.
You worshipped Lugonu.
Lugonu was aware of your devotion.
You visited 0 branches of the dungeon, and saw 0 of its levels.
You visited the Abyss 1 time.

You collected 18 gold pieces.


Innate Abilities, Weirdness & Mutations

You tend to lose your temper in combat.
Armour fits poorly on your strangely shaped body.
Your body sometimes deteriorates upon taking damage.


   Skills:
 + Level 3.0 Fighting
 + Level 1.7 Polearms
 + Level 1.7 Armour
 + Level 0.8 Dodging
 + Level 2.4 Invocations


You couldn't memorise any spells.
You didn't know any spells.
Your spell library was empty.

Inventory:

Hand Weapons
 a - a +1 spear (weapon)
Armour
 b - a +0 leather armour (worn)
Jewellery
 c - a ring of willpower (left hand)
   (You found it on level 1 of the Abyss)

Dungeon Overview and Level Annotations

Branches:
Dungeon (0/15)

Altars:

#.#. ## ...# # #.
#..##. #.# #.# ..#.
#..##... ...# #..
.#.## #..##
..#≈≈...###.5.##
...≈.....#.@...#.
...................
. .#....3#.....#...
.. ##...###...## .
.## ##.## ##.##
###...## ..# ..
#.... #. ...# .....
........... ...#...
.#... .#.


You could see a neqoxec and an iron imp.


Message History

🤖 Initializing magus.rc ... ✅ Successfully initialized magus.rc [v1.9.10] Welcome, spiderkeys the Demonspawn Abyssal Knight.
Will you be the one to retrieve the fabulous Orb of Zot from the depths?
Lugonu says: Depart the Abyss and spread corruption, my servant! (use the ability menu to exit the Abyss) Press ? for a list of commands and other information.
Found a corrupted altar of Lugonu.
There is a corrupted altar of Lugonu here.
You now have 10 gold pieces.
You now have 18 gold pieces (gained 8).
c - a ring of willpower
c - a ring of willpower (left hand) Tentacles burst from the starspawn's body! 2 starspawn tentacles come into view.
You see here 10 gold pieces.
A stone giant skeleton comes into view.
A tentacle flies out from the starspawn's body!
A starspawn tentacle comes into view.
A tentacle flies out from the starspawn's body!
A starspawn tentacle comes into view.
A starspawn tentacle comes into view.
A neqoxec comes into view.
The neqoxec shouts!
A tentacle flies out from the starspawn's body!
A starspawn tentacle comes into view.
You hear a chilling moan.
The neqoxec gestures at you.
Something tries to feed on your intellect!
The neqoxec gestures at you.
Strange energies course through your body.
Your body twists and deforms.
The iron imp shouts, "Repent, thou beslubbering weeb-spouting pissant!"
The neqoxec gestures at you.
Strange energies course through your body.
You feel yourself wasting away.
You see here a scroll labelled XUURYOTIER.
d - a scroll labelled XUURYOTIER The neqoxec gestures at you.
Strange energies course through your body.
You feel a little pissed off. The iron imp hits you! 😮 HP[-8]
You take 8 damage, and now have 10/18 hp.
MASSIVE DAMAGE!! (PAUSE)
As you read the scroll labelled XUURYOTIER, it crumbles to dust.
You feel momentarily disoriented.
It was a scroll of magic mapping.
Something hits you!!
Ouch! That really hurt!
You die...

Action                   || total
-------------------------++-------
  Use: Scroll            ||     1

Levels and vault maps discovered:
Abyss:1:  base: Temple, bh_abyss_exit_grid, base: Temple,
          evilmike_abyss_exit_plants

Notes
Turn   | Place    | Note
-------+----------+-------------------------------------------
     0 | Abyss:1  | spiderkeys the Demonspawn Abyssal Knight began the quest
                  | for the Orb.
     0 | Abyss:1  | Reached XP level 1. HP: 18/18 MP: 2/2
     0 | Abyss:1  | magus.rc [v1.9.10]
   102 | Abyss:1  | Noticed a tentacled starspawn
   111 | Abyss:1  | Noticed a stone giant skeleton
   125 | Abyss:1  | Noticed a neqoxec
   130 | Abyss:1  | Gained mutation: Armour fits poorly on your strangely
                  | shaped body. [a neqoxec]
   132 | Abyss:1  | Noticed an iron imp
   132 | Abyss:1  | Gained mutation: Your body sometimes deteriorates upon
                  | taking damage. [a neqoxec]
   134 | Abyss:1  | Gained mutation: You tend to lose your temper in combat. [a
                  | neqoxec]
   135 | Abyss:1  | Mangled by a shadow wraith

Vanquished Creatures (others)
  5 demonic plants (Abyss:1)
  7 starspawn tentacles (Abyss:1)
12 creatures vanquished.

Table legend:
 A = Non-vault XP
 B = Vault XP
 C = Vault XP percentage of total XP
 D = Non-vault monster count
 E = Vault monster count
 F = Vault count percentage of total count
                 A         B        C        D         E       F
            +---------+---------+-------+---------+---------+-------
      Total |       0 |       0 |   N/A |       0 |       0 |  -nan
            +---------+---------+-------+---------+---------+-------
            +---------+---------+-------+---------+---------+-------

Illustrated notes

Table legend: (Time is in decaauts)
 A = Elapsed time spent in this place.
 B = Non-inter-level travel time spent in this place.
 C = Inter-level travel time spent in this place.
 D = Time resting spent in this place.
 E = Time spent auto-exploring this place.
 F = Levels seen in this place.
 G = Mean time per level.
                   A        B        C        D        E       F      G
               +--------+--------+--------+--------+--------+-----+--------+
         Total |    134 |    134 |      0 |      0 |     80 |   1 |  134.0 |
         Abyss |    134 |    134 |      0 |      0 |     80 |   1 |  134.0 |
               +--------+--------+--------+--------+--------+-----+--------+

Top non-repeatable levels by time:
 Abyss:1: 134 daAuts
